 Dungeon Crawl Stone Soup version 0.29.0 (webtiles) character file.

Game seed: 14487022146223542699

209 Renzlar the Shield-Bearer (level 5, -3/47 HPs)
             Began as a Gnoll Fighter on Aug 24, 2022.
             Slain by a killer bee (4 damage)
             ... on level 4 of the Dungeon.
             The game lasted 00:09:05 (2635 turns).

Renzlar the Shield-Bearer (Gnoll Fighter)           Turns: 2635, Time: 00:09:05

Health: -3/47      AC: 10    Str: 18    XL:     5   Next: 87%
Magic:  7/7        EV:  9    Int:  7    God:
Gold:   157        SH:  5    Dex: 11    Spells: 7/7 levels left

rFire   . . .      SeeInvis .   a - +0 war axe
rCold   . . .      Faith    .   l - +0 buckler
rNeg    . . .      Spirit   .   b - +0 scale mail
rPois   .          Reflect  .   (no helmet)
rElec   .          Harm     .   o - +0 cloak
rCorr   .          Rampage  .   g - +0 pair of gloves
Will    .....                   (no boots)
Stlth   ..........              (no amulet)
HPRegen 0.15/turn               (no ring)
MPRegen 0.10/turn               (no ring)

@: lethally poisoned (-3 -> -32)
A: fangs 1, strong nose, distributed training
a: no special abilities


You were on level 4 of the Dungeon.
You visited 1 branch of the dungeon, and saw 4 of its levels.

You collected 157 gold pieces.

Inventory:

Hand Weapons
 a - a +0 war axe (weapon)
 c - a +0 sling
 j - a +0 whip of venom
 k - a +0 dagger of pain
Missiles
 h - 2 throwing nets
Armour
 b - a +0 scale mail (worn)
 g - a +0 pair of gloves (worn)
 l - a +0 buckler (worn)
 o - a +0 cloak (worn)
Scrolls
 i - 2 scrolls of teleportation
Potions
 d - a potion of might
 e - a potion of ambrosia {unknown}
 f - a potion of mutation
 m - 4 potions of curing
 n - a potion of flight {unknown}


   Skills:
 + Level 6.7 Fighting
 + Level 1.7 Short Blades
 + Level 1.7 Long Blades
 + Level 4.9 Axes
 + Level 1.7 Maces & Flails
 + Level 1.7 Polearms
 + Level 1.7 Staves
 + Level 1.7 Ranged Weapons
 + Level 1.7 Throwing
 + Level 6.7 Armour
 + Level 1.7 Dodging
 + Level 1.7 Stealth
 + Level 6.7 Shields
 + Level 1.7 Unarmed Combat
 + Level 1.7 Spellcasting
 + Level 1.3 Conjurations
 + Level 1.3 Hexes
 + Level 1.3 Summonings
 + Level 1.3 Necromancy
 + Level 1.3 Translocations
 + Level 1.3 Transmutations
 + Level 1.3 Fire Magic
 + Level 1.3 Ice Magic
 + Level 1.3 Air Magic
 + Level 1.3 Earth Magic
 + Level 1.3 Poison Magic
 + Level 2.0 Invocations
 + Level 1.7 Evocations


You had 7 spell levels left.
You didn't know any spells.
Your spell library contained the following spells:

 Spells                   Type           Power      Damage    Failure   Level
 Beastly Appendage        Tmut           4%         N/A       63%         1
 Wereblood                Tmut           2%         N/A       77%         2
 Spider Form              Tmut/Pois      2%         N/A       94%         3


Dungeon Overview and Level Annotations

Branches:
Dungeon (4/15)
 Temple: D:4-7

Altars:


Innate Abilities, Weirdness & Mutations

You have very sharp teeth.
Your uncanny sense of smell can sniff out nearby items.
Your experience applies equally to all skills.


Message History

The killer bee completely misses you. The killer bee barely misses you.
The killer bee stings you.
A quokka comes into view.
The killer bee stings you but does no damage. x3
The killer bee stings you.
You are more poisoned.
The killer bee poisons you!
The killer bee stings you but does no damage.
You barely miss the killer bee. Your bite misses the killer bee.
The killer bee is severely wounded.
You miss the killer bee.
You hit the killer bee but do no damage.
You hit the kobold. You slash the killer bee!
You hit the killer bee but do no damage.
You feel very sick.
The killer bee stings you but does no damage.
The killer bee stings you.
You are lethally poisoned!
The killer bee poisons you! The killer bee barely misses you.
The killer bee stings you but does no damage. x3
The killer bee misses you. The killer bee stings you.
The kobold hits you but does no damage. You block the killer bee's attack.
The killer bee stings you.
You are more poisoned.
The killer bee poisons you! The killer bee stings you. x2
* * * LOW HITPOINT WARNING * * *
You are more poisoned.
The killer bee poisons you!
The killer bee stings you but does no damage.
Unknown command.
Okay, then.
You miss the killer bee. You barely miss the killer bee.
You miss the killer bee. You closely miss the killer bee.
You miss the killer bee. You barely miss the kobold.
* * * LOW HITPOINT WARNING * * *
You feel extremely sick.
The killer bee stings you but does no damage.
The killer bee barely misses you. You block the killer bee's attack.
The killer bee stings you.
You die...

..........
.........
...r.....
.......#. .##
##.g.......
....##.gr......#
#...Kyy......#
#..@yy.....#
#..yy......#
#.....^....#
............#
.........<###
............#
............#
#############


You could see 6 killer bees, 2 quokkas, a hobgoblin, a goblin and a kobold.

Vanquished Creatures
  A hound (D:3)
  4 gnolls (D:2)
  6 adders (D:2)
  3 worms
  3 dart slugs
  An orc (D:3)
  4 endoplasms
  5 giant cockroaches
  9 hobgoblins
  4 quokkas
  3 ball pythons
  8 bats
  5 frilled lizards
  10 goblins
  6 kobolds
  4 rats
76 creatures vanquished.

Notes
Turn   | Place    | Note
-------+----------+-------------------------------------------
     0 | D:1      | Renzlar the Gnoll Fighter began the quest for the Orb.
     0 | D:1      | Reached XP level 1. HP: 23/23 MP: 1/1
     2 | D:1      | You fall into a shaft and drop 1 floor!
    14 | D:2      | Reached XP level 2. HP: 29/29 MP: 2/2
    38 | D:2      | Reached XP level 3. HP: 28/35 MP: 2/4
    41 | D:2      | Reached skill level 1 in Invocations
    42 | D:2      | Reached skill level 1 in Short Blades
    42 | D:2      | Reached skill level 1 in Long Blades
    42 | D:2      | Reached skill level 1 in Maces & Flails
    42 | D:2      | Reached skill level 1 in Polearms
    42 | D:2      | Reached skill level 1 in Staves
    42 | D:2      | Reached skill level 1 in Ranged Weapons
    42 | D:2      | Reached skill level 1 in Throwing
    42 | D:2      | Reached skill level 1 in Dodging
    42 | D:2      | Reached skill level 1 in Stealth
    42 | D:2      | Reached skill level 1 in Unarmed Combat
    42 | D:2      | Reached skill level 1 in Spellcasting
    42 | D:2      | Reached skill level 1 in Evocations
   221 | D:2      | Reached XP level 4. HP: 40/41 MP: 5/5
   461 | D:2      | Reached skill level 1 in Conjurations
   461 | D:2      | Reached skill level 1 in Hexes
   461 | D:2      | Reached skill level 1 in Summonings
   461 | D:2      | Reached skill level 1 in Necromancy
   461 | D:2      | Reached skill level 1 in Translocations
   461 | D:2      | Reached skill level 1 in Transmutations
   461 | D:2      | Reached skill level 1 in Fire Magic
   461 | D:2      | Reached skill level 1 in Ice Magic
   461 | D:2      | Reached skill level 1 in Air Magic
   461 | D:2      | Reached skill level 1 in Earth Magic
   461 | D:2      | Reached skill level 1 in Poison Magic
   475 | D:1      | Found a faded altar of an unknown god.
  1381 | D:2      | Reached XP level 5. HP: 47/47 MP: 7/7
  2635 | D:4      | HP: 1/47 [poisoned by a killer bee]
  2635 | D:4      | Slain by a killer bee

Illustrated notes

Levels and vault maps discovered:
D:1:      lightli_iron_boxes, layout_basic,
          hellmonk_ecumenical_altar_heavens_door, grunt_decor_one_mirror,
          minmay_tree_intersection, roderic_roman_lattice, nicolae_titane
D:2:      layout_basic, minmay_indecisive_spiral
D:3:      layout_loops_cross
D:4:      layout_rooms, kennysheep_mini_moat, chequers_serial_rivers_micro_a,
          minmay_misc_feat_diagonals

Skill      XL: |  1  2  3  4  5 |
---------------+----------------+-----
Invocations    | 1 2 |  2.0
Short Blades   | 1 |  1.7
Long Blades    | 1 |  1.7
Maces & Flails | 1 |  1.7
Polearms       | 1 |  1.7
Staves         | 1 |  1.7
Ranged Weapons | 1 |  1.7
Throwing       | 1 |  1.7
Dodging        | 1 |  1.7
Stealth        | 1 |  1.7
Unarmed Combat | 1 |  1.7
Spellcasting   | 1 |  1.7
Evocations     | 1 |  1.7
Conjurations   | 1 |  1.3
Hexes          | 1 |  1.3
Summonings     | 1 |  1.3
Necromancy     | 1 |  1.3
Translocations | 1 |  1.3
Transmutations | 1 |  1.3
Fire Magic     | 1 |  1.3
Ice Magic      | 1 |  1.3
Air Magic      | 1 |  1.3
Earth Magic    | 1 |  1.3
Poison Magic   | 1 |  1.3
Fighting       | |  6.7
Axes           | |  4.9
Armour         | |  6.7
Shields        | |  6.7

Action                   |  1- 3 |  4- 6 || total
-------------------------+-------+-------++-------
Melee: War axe           |    27 |   111 ||   138
       Bite              |     2 |     6 ||     8
 Fire: Sling             |       |   108 ||   108
  Use: Scroll            |       |     8 ||     8
Armor: Scale mail        |    10 |    70 ||    80
       Chain mail        |       |    28 ||    28
Dodge: Dodged            |    18 |    66 ||    84
Block: Buckler           |    15 |    36 ||    51
